AoeStats
← Milo Thatch

Arena

509788629Analyzed
1v1 RM · 5d ago on Sep 28, 2026· 41m 12s· 2 players
Game mode
Random Map
Map size
Tiny (2 player)
Population
200
Speed
Normal
Resources
Standard
Victory
Conquest
Starting age
Dark Age
Ending age
Imperial Age
RankedLock teamsTeams togetherTeam positionsShared explorationLock speedFull tech treeHidden civsTurbo modeCheats
Victory
Defeat
🇧🇩 Byzantines · Bangladesh
911
+18
🇺🇸 Vietnamese · United States
949
-49
wekap1
8:37 Loom
10:33 Feudal Age
8:51 Loom
10:58 Horse Collar
11:03 Double-Bit Axe
14:07 Loom
17:33 Castle Age
16:20 Forging
16:41 Gold Mining
17:57 Stone Mining
18:24 Bow Saw
18:15 Heavy Plow
20:55 Wheelbarrow
20:41 Fletching
21:57 Hand Cart
23:55 Gold Shaft Mining
24:51 Scale Barding Armor
29:57 Imperial Age
28:06 Elite Skirmisher
29:43 Bodkin Arrow
29:48 Padded Archer Armor
30:25 Iron Casting
30:08 Stone Mining
31:16 Conscription
32:22 Chemistry
32:37 Chemistry
31:59 Ballistics
33:01 Two-Man Saw
32:44 Leather Archer Armor
32:51 Chain Barding Armor
33:27 Stone Shaft Mining
33:19 Bracer
33:35 Leather Archer Armor
34:43 Conscription
35:23 Crop Rotation
36:28 Stone Shaft Mining
36:39 Plate Barding Armor
37:24 Logistica
39:46 Elite Cataphract
41:37 Husbandry
Milo Thatch
7:46 Loom
10:27 Feudal Age
11:00 Double-Bit Axe
10:59 Horse Collar
19:46 Castle Age
18:46 Padded Archer Armor
18:51 Fletching
19:59 Gold Mining
20:34 Thumb Ring
20:27 Crossbowman
25:06 Bow Saw
24:57 Heavy Plow
26:55 Stone Mining
27:39 Leather Archer Armor
27:19 Bodkin Arrow
29:00 Stone Shaft Mining
29:26 Forging
29:16 Scale Mail Armor
33:02 Imperial Age
31:58 Iron Casting
32:41 Chain Mail Armor
31:57 Pikeman
34:01 Bracer
34:32 Ring Archer Armor
35:00 Elite Rattan Archer
37:34 Halberdier
39:46 Plate Mail Armor
Connection lost

Rejoining the realm…

Still unreachable

The connection could not be restored.

Session expired

The server has moved on; the page needs a fresh start.